Canadiens vs Maple Leafs
(R1)
Created - 6 février 2017 at 19:10
Goals
|
| Canadiens |
0 |
0 |
3 |
3 |
| Maple Leafs |
1 |
0 |
3 |
4 |
|
Shots
|
| Canadiens |
10 |
12 |
13 |
35 |
| Maple Leafs |
7 |
9 |
11 |
27 |
|
1st period
1. Maple Leafs , Claude Giroux 32 (Jordan Staal) at 13:59 (PP)
Penalties :
Greg Stewart (Mon) for Interference (Minor) at 5:59, Marc Savard (Mon) for Diving (Minor) at 6:14, Jamie McBain (Tor) for Tripping (Minor) at 9:25, Tobias Enstrom (Tor) for Holding (Minor) at 10:02, Dennis Wideman (Mon) for Holding (Minor) at 13:53, Marc-Édouard Vlasic (Tor) for Hooking (Minor) at 19:25
2nd period
No Goal
Penalties :
Dan Boyle (Mon) for Interference (Minor) at 2:46, Dennis Wideman (Mon) for Interference (Minor) at 5:42, Fabian Brunnstrom (Tor) for Hooking (Minor) at 19:35, Marek Svatos (Mon) for Holding (Minor) at 19:46
3rd period
2. Maple Leafs , Rob Schremp 8 (Alexander Frolov, Taylor Chorney) at 1:14
3. Maple Leafs , Jordan Staal 18 (Claude Giroux, Tobias Enstrom) at 1:32
4. Canadiens , Dennis Wideman 10 (Marc Savard, Marek Svatos) at 2:34
5. Canadiens , Dan Boyle 7 (Marc Savard, Patrick Sharp) at 6:45
6. Canadiens , Evgeny Dadonov 9 (Jonas Hoglund, Martin Hanzal) at 13:24
7. Maple Leafs , Michael Grabner 11 (Eric Nystrom, Marc-Édouard Vlasic) at 19:50
Penalties :
Dan Boyle (Mon) for Roughing (Minor) at 4:23, Dustin Boyd (Mon) for Hooking (Minor) at 7:47, Tobias Enstrom (Tor) for Close Hand On Puck (Minor) at 14:24
Goalie Stats
Jonathan Bernier (Mon), 23 saves from 27 shots - (0,852), L, 15-14-6, 60:00 minutes
Alex Stalock (Tor), 32 saves from 35 shots - (0,914), W, 1-2-0, 60:00 minutes
Players Stats for Canadiens
Player Name G A P +/- PIM S H SB GA TA FO MP PP MP PK MP
------------------------------------------------------------------------------------
Andrei Loktionov 0 0 0 0 0 1 1 0 0 0 3/6 10:36 0:00 0:00
Dan Boyle 1 0 1 1 4 4 1 4 1 2 0/0 27:41 4:39 4:15
Dennis Wideman 1 0 1 0 4 2 0 3 0 1 0/0 27:58 4:39 4:55
Devin Setoguchi 0 0 0 0 0 2 1 0 0 0 0/1 12:41 2:27 0:00
Drew Miller 0 0 0 -1 0 2 0 1 1 0 0/1 16:25 2:27 3:21
Dustin Boyd 0 0 0 0 2 2 2 0 0 0 6/11 13:12 2:27 0:27
Evgeny Dadonov 1 0 1 1 0 1 0 1 0 0 0/0 6:15 0:00 0:00
Greg Stewart 0 0 0 0 2 4 1 1 0 1 0/0 10:36 0:00 0:01
Jiri Fischer 0 0 0 -1 0 0 0 2 0 1 0/0 20:32 2:06 4:17
Jonas Hoglund 0 1 1 1 0 1 2 1 0 0 0/0 7:59 0:00 1:44
Ladislav Smid 0 0 0 -1 0 0 0 1 0 0 0/0 20:37 2:06 4:19
Marc Savard 0 2 2 0 2 6 0 1 0 0 20/35 24:47 4:18 5:09
Marek Svatos 0 1 1 0 2 6 1 1 0 0 0/1 20:05 4:17 2:16
Martin Hanzal 0 1 1 1 0 1 0 0 1 0 2/2 6:15 0:00 0:00
Matt Carle 0 0 0 1 0 0 0 0 0 2 0/0 10:13 0:00 0:00
Patrick Sharp 0 1 1 0 0 3 2 2 2 1 6/15 25:49 4:18 6:11
Rene Bourque 0 0 0 -1 0 0 0 0 0 0 1/2 10:51 0:00 0:00
Torey Krug 0 0 0 1 0 0 0 3 0 1 0/0 13:21 0:00 3:08
Players Stats for Maple Leafs
Player Name G A P +/- PIM S H SB GA TA FO MP PP MP PK MP
------------------------------------------------------------------------------------
Alexander Frolov 0 1 1 1 0 2 2 1 0 0 1/2 21:03 5:53 1:16
Blake Comeau 0 0 0 0 0 1 0 0 0 0 0/0 7:39 0:11 0:19
Braydon Coburn 0 0 0 -1 0 0 1 6 0 1 0/0 31:07 6:28 4:52
Claude Giroux 1 1 2 0 0 6 1 0 2 3 0/1 25:54 6:04 4:21
Colby Armstrong 0 0 0 -1 0 1 0 0 2 0 0/0 12:40 4:12 0:00
Eric Nystrom 0 1 1 0 0 1 0 0 0 0 0/0 9:34 0:11 0:00
Fabian Brunnstrom 0 0 0 -1 2 2 1 0 1 0 0/2 15:28 4:23 0:00
Jamie McBain 0 0 0 0 2 1 0 1 0 1 0/0 13:08 0:00 0:03
Jordan Staal 1 1 2 0 0 6 2 1 1 0 24/45 26:26 6:04 4:53
Justin Abdelkader 0 0 0 -1 0 0 0 0 0 0 0/0 6:52 0:00 0:00
Justin Schultz 0 0 0 0 0 1 0 0 0 0 0/0 12:22 0:00 2:57
Marc-Édouard Vlasic 0 1 1 1 2 0 1 0 1 0 0/0 19:57 3:59 1:27
Michael Grabner 1 0 1 1 0 2 0 1 1 0 0/0 11:23 0:11 0:00
Rob Schremp 1 0 1 1 0 1 2 0 1 0 3/13 16:32 4:12 1:16
Ryan Carter 0 0 0 -1 0 0 0 0 0 0 2/3 6:52 0:00 0:00
Taylor Chorney 0 1 1 1 0 0 1 0 0 0 0/0 15:47 3:59 1:53
Tobias Enstrom 0 1 1 -1 4 2 3 0 0 0 0/0 28:10 6:28 2:20
Zac Dalpe 0 0 0 -1 0 1 1 0 0 0 6/8 9:06 0:00 0:00
3 Stars
1 - Jordan Staal (Tor)
2 - Claude Giroux (Tor)
3 - Rob Schremp (Tor)
Power Play
Canadiens - 0 on 5 Attempt(s) - 0,00%
Maple Leafs - 1 on 8 Attempt(s) - 12,50%
Penalty Kill
Canadiens - 7 on 8 Attempt(s) - 87,50%
- Score 0 goal in Penalty Kill
Maple Leafs - 5 on 5 Attempt(s) - 100,00%
- Score 0 goal in Penalty Kill
Team Stat
Canadiens - Hits : 11 - Faceoff Wins : 38 - Blocked Shots : 21 - Penalty Minutes : 16
Maple Leafs - Hits : 15 - Faceoff Wins : 36 - Blocked Shots : 10 - Penalty Minutes : 10
Official
Referees : Fraser Kerry and L'Ecuyer Frederick
Linesman : Tony Sericolo and Thor Nelson
Game Notes
No Game Note
Finance
Level 1 -- Attendance: 6000 (100,00%) -- Ticket Income 510 000 $
Level 2 -- Attendance: 5000 (100,00%) -- Ticket Income 250 000 $
Level 3 -- Attendance: 1984 (99,20%) -- Ticket Income 61 504 $
Level 4 -- Attendance: 4000 (100,00%) -- Ticket Income 80 000 $
Luxury Box -- Attendance: 715 (71,50%) -- Ticket Income 117 975 $
Game was played at the Maple Leafs Garden.
Total Attendance: 17699 (98,33%)
Total Ticket Income: 1 019 479 $
Other Income: 152 922 $
Total Income: 1 172 401 $
Canadiens
5 vs 5 Forward
Center Left Wing Right Wing Time % Phy DF OF
1 Marc Savard Patrick Sharp Marek Svatos 40 1 2 2
2 Dustin Boyd Drew Miller Devin Setoguchi 30 1 2 2
3 Andrei Loktionov Greg Stewart Rene Bourque 20 1 2 2
4 Martin Hanzal Evgeny Dadonov Jonas Hoglund 10 1 2 2
5 vs 5 Defense
Defense Defense Time % Phy DF OF
1 Dennis Wideman Dan Boyle 40 1 2 2
2 Ladislav Smid Jiri Fischer 30 1 2 2
3 Matt Carle Torey Krug 20 1 2 2
4 Dennis Wideman Dan Boyle 10 1 2 2
PowerPlay Forward
Center Left Wing Right Wing Time % Phy DF OF
1 Marc Savard Patrick Sharp Marek Svatos 60 1 2 2
2 Dustin Boyd Drew Miller Devin Setoguchi 40 1 2 2
PowerPlay Defense
Defense Defense Time % Phy DF OF
1 Dennis Wideman Dan Boyle 60 1 2 2
2 Ladislav Smid Jiri Fischer 40 1 2 2
Penalty Kill 4 Players Forward
Center Wing Time % Phy DF OF
1 Patrick Sharp Marc Savard 60 1 2 2
2 Marek Svatos Drew Miller 40 1 2 2
Penalty Kill 4 Players Defense
Defense Defense Time % Phy DF OF
1 Dennis Wideman Dan Boyle 60 1 2 2
2 Ladislav Smid Jiri Fischer 40 1 2 2
Penalty Kill - 3 Players Forward
Forward Time % Phy DF OF
1 Patrick Sharp 60 1 2 2
2 Marc Savard 40 1 2 2
Penalty Kill - 3 Players Defense
Defense Defense Time % Phy DF OF
1 Dennis Wideman Dan Boyle 60 1 2 2
2 Ladislav Smid Jiri Fischer 40 1 2 2
4 vs 4 Forward
Center Wing Time % Phy DF OF
1 Patrick Sharp Marc Savard 60 1 2 2
2 Marek Svatos Drew Miller 40 1 2 2
4 vs 4 Defense
Defense Defense Time % Phy DF OF
1 Dennis Wideman Dan Boyle 60 1 2 2
2 Ladislav Smid Jiri Fischer 40 1 2 2
Last Minutes Offensive
Center Left Wing Right Wing Defense Defense
Marc Savard Patrick Sharp Marek Svatos Dennis Wideman Dan Boyle
Last Minutes Defensive
Center Left Wing Right Wing Defense Defense
Marc Savard Patrick Sharp Marek Svatos Dennis Wideman Dan Boyle
Goaltenders
Starting : Jonathan Bernier
Backup : Tobias Stephan
Extra Forwards
Normal : Rene Bourque, Greg Stewart, Jonas Hoglund - PP : Rene Bourque, Greg Stewart - PK : Jonas Hoglund
Extra Defensemen
Normal : Matt Carle, Torey Krug, Ladislav Smid - PP : Matt Carle - PK : Torey Krug, Ladislav Smid
Penalty Shots
Patrick Sharp, Marc Savard, Marek Svatos, Drew Miller, Devin Setoguchi
Maple Leafs
5 vs 5 Forward
Center Left Wing Right Wing Time % Phy DF OF
1 Jordan Staal Alexander Frolov Claude Giroux 40 1 2 2
2 Rob Schremp Fabian Brunnstrom Michael Grabner 30 1 2 2
3 Zac Dalpe Eric Nystrom Colby Armstrong 20 1 2 2
4 Ryan Carter Justin Abdelkader Blake Comeau 10 1 2 2
5 vs 5 Defense
Defense Defense Time % Phy DF OF
1 Tobias Enstrom Braydon Coburn 40 1 2 2
2 Jamie McBain Marc-Édouard Vlasic 30 1 2 2
3 Taylor Chorney Justin Schultz 20 1 2 2
4 Tobias Enstrom Braydon Coburn 10 1 2 2
PowerPlay Forward
Center Left Wing Right Wing Time % Phy DF OF
1 Jordan Staal Alexander Frolov Claude Giroux 60 1 2 2
2 Rob Schremp Fabian Brunnstrom Colby Armstrong 40 1 2 2
PowerPlay Defense
Defense Defense Time % Phy DF OF
1 Tobias Enstrom Braydon Coburn 60 1 2 2
2 Taylor Chorney Marc-Édouard Vlasic 40 1 2 2
Penalty Kill 4 Players Forward
Center Wing Time % Phy DF OF
1 Jordan Staal Claude Giroux 60 1 2 2
2 Rob Schremp Alexander Frolov 40 1 2 2
Penalty Kill 4 Players Defense
Defense Defense Time % Phy DF OF
1 Tobias Enstrom Braydon Coburn 60 1 2 2
2 Taylor Chorney Marc-Édouard Vlasic 40 1 2 2
Penalty Kill - 3 Players Forward
Forward Time % Phy DF OF
1 Jordan Staal 60 1 2 2
2 Claude Giroux 40 1 2 2
Penalty Kill - 3 Players Defense
Defense Defense Time % Phy DF OF
1 Tobias Enstrom Braydon Coburn 60 1 2 2
2 Taylor Chorney Marc-Édouard Vlasic 40 1 2 2
4 vs 4 Forward
Center Wing Time % Phy DF OF
1 Jordan Staal Claude Giroux 60 1 2 2
2 Rob Schremp Alexander Frolov 40 1 2 2
4 vs 4 Defense
Defense Defense Time % Phy DF OF
1 Tobias Enstrom Braydon Coburn 60 1 2 2
2 Taylor Chorney Marc-Édouard Vlasic 40 1 2 2
Last Minutes Offensive
Center Left Wing Right Wing Defense Defense
Jordan Staal Alexander Frolov Claude Giroux Tobias Enstrom Braydon Coburn
Last Minutes Defensive
Center Left Wing Right Wing Defense Defense
Jordan Staal Alexander Frolov Claude Giroux Tobias Enstrom Braydon Coburn
Goaltenders
Starting : Alex Stalock
Backup : Marc-André Fleury
Extra Forwards
Normal : Michael Grabner, Eric Nystrom, Blake Comeau - PP : Michael Grabner, Eric Nystrom - PK : Blake Comeau
Extra Defensemen
Normal : Jamie McBain, Justin Schultz, Taylor Chorney - PP : Jamie McBain - PK : Justin Schultz, Taylor Chorney
Penalty Shots
Claude Giroux, Michael Grabner, Alexander Frolov, Jordan Staal, Fabian Brunnstrom
% Time on Ice - Canadiens
Lines # - Real PCT - Wanted PCT - Time Play
Normal Forward
1 - 33% - 40% - 13:38
2 - 25% - 30% - 10:22
3 - 26% - 20% - 10:36
4 - 15% - 10% - 6:15
Normal Defense
1 - 42% - 40% - 17:07
2 - 33% - 30% - 13:31
3 - 25% - 20% - 10:13
4 - 0% - 10% - 0:00
PP Forward
1 - 64% - 60% - 4:18
2 - 36% - 40% - 2:27
PP Defense
1 - 69% - 60% - 4:39
2 - 31% - 40% - 2:06
PK Forward
1 - 74% - 60% - 6:26
2 - 26% - 40% - 2:17
PK Defense
1 - 62% - 60% - 5:25
2 - 38% - 40% - 3:18
PK3 Forward
1 - 48% - 60% - 0:50
2 - 52% - 40% - 0:54
PK3 Defense
1 - 68% - 60% - 1:11
2 - 32% - 40% - 0:33
44 Forward
1 - 86% - 60% - 1:33
2 - 14% - 40% - 0:15
44 Defense
1 - 86% - 60% - 1:33
2 - 14% - 40% - 0:15
Last Minute Offensive - 0:09
Last Minute Defensive - 0:00
Total
Forward - 60:00
Defense - 60:00
|
% Time on Ice - Maple Leafs
Lines # - Real PCT - Wanted PCT - Time Play
Normal Forward
1 - 34% - 40% - 14:04
2 - 26% - 30% - 10:49
3 - 22% - 20% - 9:06
4 - 17% - 10% - 6:52
Normal Defense
1 - 41% - 40% - 16:50
2 - 35% - 30% - 14:17
3 - 21% - 20% - 8:29
4 - 3% - 10% - 1:15
PP Forward
1 - 60% - 60% - 6:15
2 - 40% - 40% - 4:12
PP Defense
1 - 62% - 60% - 6:28
2 - 38% - 40% - 3:59
PK Forward
1 - 78% - 60% - 4:11
2 - 22% - 40% - 1:12
PK Defense
1 - 75% - 60% - 4:03
2 - 25% - 40% - 1:20
PK3 Forward
1 - 74% - 60% - 1:01
2 - 26% - 40% - 0:21
PK3 Defense
1 - 60% - 60% - 0:49
2 - 40% - 40% - 0:33
44 Forward
1 - 86% - 60% - 1:33
2 - 14% - 40% - 0:15
44 Defense
1 - 86% - 60% - 1:33
2 - 14% - 40% - 0:15
Last Minute Offensive - 0:00
Last Minute Defensive - 0:09
Total
Forward - 60:00
Defense - 60:00
|
Play by Play
1st period
0:01 of 1st period - Jordan Staal wins face-off versus Marc Savard in neutral zone.
0:15 of 1st period - Slapshot by Dan Boyle.
0:15 of 1st period - Stopped by Alex Stalock with a rebound.
0:27 of 1st period - Drew Miller is hit by Rob Schremp and loses puck.
0:36 of 1st period - Slapshot by Fabian Brunnstrom.
0:36 of 1st period - Shot Misses the Net.
0:58 of 1st period - Ladislav Smid is hit by Zac Dalpe.
1:08 of 1st period - Justin Abdelkader is hit by Jonas Hoglund and loses puck.
1:32 of 1st period - Snap shot by Patrick Sharp.
1:32 of 1st period - Shot Misses the Net.
2:51 of 1st period - Jonas Hoglund is hit by Marc-Édouard Vlasic.
3:34 of 1st period - Icing by Marek Svatos.
3:35 of 1st period - Marc Savard wins face-off versus Zac Dalpe in Canadiens zone.
3:46 of 1st period - Slapshot by Marc-Édouard Vlasic.
3:46 of 1st period - Shot Blocked by Dan Boyle.
4:08 of 1st period - Slapshot by Devin Setoguchi.
4:08 of 1st period - Stopped by Alex Stalock with a rebound.
4:10 of 1st period - Slapshot by Drew Miller.
4:10 of 1st period - Shot Misses the Net.
4:12 of 1st period - Wrist shot by Devin Setoguchi.
4:12 of 1st period - Stopped by Alex Stalock without a rebound.
4:13 of 1st period - Rob Schremp wins face-off versus Andrei Loktionov in Maple Leafs zone.
4:26 of 1st period - Snap shot by Greg Stewart.
4:26 of 1st period - Shot Misses the Net.
5:11 of 1st period - Snap shot by Ryan Carter.
5:11 of 1st period - Shot Blocked by Torey Krug.
5:59 of 1st period - Minor Penalty to Greg Stewart for Interference.
6:00 of 1st period - Jordan Staal wins face-off versus Patrick Sharp in Canadiens zone.
6:14 of 1st period - Minor Penalty to Marc Savard for Diving.
6:15 of 1st period - Jordan Staal wins face-off versus Patrick Sharp in Canadiens zone.
6:30 of 1st period - Snap shot by Claude Giroux.
6:30 of 1st period - Stopped by Jonathan Bernier with a rebound.
6:32 of 1st period - Slapshot by Tobias Enstrom.
6:32 of 1st period - Stopped by Jonathan Bernier with a rebound.
7:59 of 1st period - Penalty to Greg Stewart is over, Greg Stewart is back on ice.
8:03 of 1st period - Jordan Staal is hit by Patrick Sharp and loses puck.
8:14 of 1st period - Penalty to Marc Savard is over, Marc Savard is back on ice.
8:45 of 1st period - Icing by Matt Carle.
8:46 of 1st period - Andrei Loktionov wins face-off versus Ryan Carter in Canadiens zone.
9:02 of 1st period - Snap shot by Justin Abdelkader.
9:02 of 1st period - Shot Misses the Net.
9:16 of 1st period - Wrist shot by Andrei Loktionov.
9:16 of 1st period - Deflect By Greg Stewart.
9:16 of 1st period - Stopped by Alex Stalock without a rebound.
9:17 of 1st period - Marc Savard wins face-off versus Jordan Staal in Maple Leafs zone.
9:25 of 1st period - Minor Penalty to Jamie McBain for Tripping.
9:26 of 1st period - Marc Savard wins face-off versus Jordan Staal in Maple Leafs zone.
9:40 of 1st period - Wrist shot by Marek Svatos.
9:40 of 1st period - Shot Misses the Net.
9:42 of 1st period - Snap shot by Marek Svatos.
9:42 of 1st period - Stopped by Alex Stalock without a rebound.
9:43 of 1st period - Marc Savard wins face-off versus Claude Giroux in Maple Leafs zone.
9:52 of 1st period - Wrist shot by Marek Svatos.
9:52 of 1st period - Shot Misses the Net.
9:54 of 1st period - Slapshot by Dan Boyle.
9:54 of 1st period - Shot Blocked by Braydon Coburn.
10:02 of 1st period - Minor Penalty to Tobias Enstrom for Holding.
10:03 of 1st period - Jordan Staal wins face-off versus Marc Savard in Maple Leafs zone.
10:12 of 1st period - Snap shot by Marc Savard.
10:12 of 1st period - Stopped by Alex Stalock without a rebound.
10:13 of 1st period - Jordan Staal wins face-off versus Marc Savard in Maple Leafs zone.
10:22 of 1st period - Wrist shot by Marek Svatos.
10:22 of 1st period - Shot Blocked by Braydon Coburn.
10:24 of 1st period - Wrist shot by Marc Savard.
10:24 of 1st period - Stopped by Alex Stalock without a rebound.
10:25 of 1st period - Jordan Staal wins face-off versus Marc Savard in Maple Leafs zone.
11:16 of 1st period - Patrick Sharp is hit by Claude Giroux and loses puck.
11:25 of 1st period - Penalty to Jamie McBain is over, Jamie McBain is back on ice.
11:34 of 1st period - Icing by Jiri Fischer.
11:35 of 1st period - Dustin Boyd wins face-off versus Jordan Staal in Canadiens zone.
12:02 of 1st period - Penalty to Tobias Enstrom is over, Tobias Enstrom is back on ice.
12:21 of 1st period - Wrist shot by Andrei Loktionov.
12:21 of 1st period - Shot Blocked by Braydon Coburn.
12:23 of 1st period - Slapshot by Greg Stewart.
12:23 of 1st period - Stopped by Alex Stalock with a rebound.
12:39 of 1st period - Braydon Coburn is hit by Jonas Hoglund and loses puck.
12:59 of 1st period - Icing by Jamie McBain.
13:00 of 1st period - Ryan Carter wins face-off versus Marc Savard in Maple Leafs zone.
13:29 of 1st period - Wrist shot by Jordan Staal.
13:29 of 1st period - Stopped by Jonathan Bernier without a rebound.
13:30 of 1st period - Jordan Staal wins face-off versus Drew Miller in Canadiens zone.
13:47 of 1st period - Slapshot by Jordan Staal.
13:47 of 1st period - Shot Blocked by Dennis Wideman.
13:53 of 1st period - Minor Penalty to Dennis Wideman for Holding.
13:54 of 1st period - Alexander Frolov wins face-off versus Marc Savard in Canadiens zone.
13:57 of 1st period - Snap shot by Claude Giroux.
13:57 of 1st period - Deflect By Jordan Staal.
13:57 of 1st period - Stopped by Jonathan Bernier without a rebound.
13:58 of 1st period - Jordan Staal wins face-off versus Patrick Sharp in Canadiens zone.
13:59 of 1st period - Snap shot by Claude Giroux.
13:59 of 1st period - Goal by Claude Giroux - Canadiens : 0 - Maple Leafs : 1.
14:00 of 1st period - Marc Savard wins face-off versus Jordan Staal in neutral zone.
14:36 of 1st period - Snap shot by Michael Grabner.
14:36 of 1st period - Stopped by Jonathan Bernier with a rebound.
14:51 of 1st period - Slapshot by Dennis Wideman.
14:51 of 1st period - Shot Hit the Post.
15:11 of 1st period - Wrist shot by Jonas Hoglund.
15:11 of 1st period - Deflect By Martin Hanzal.
15:11 of 1st period - Shot Hit the Post.
15:11 of 1st period - Puck is out of play.
15:12 of 1st period - Jordan Staal wins face-off versus Marc Savard in Maple Leafs zone.
16:11 of 1st period - Slapshot by Eric Nystrom.
16:11 of 1st period - Shot Misses the Net.
16:28 of 1st period - Icing by Marc-Édouard Vlasic.
16:29 of 1st period - Marc Savard wins face-off versus Jordan Staal in Maple Leafs zone.
16:46 of 1st period - Snap shot by Marc Savard.
16:46 of 1st period - Stopped by Alex Stalock with a rebound.
16:56 of 1st period - Jamie McBain is hit by Devin Setoguchi and loses puck.
17:37 of 1st period - Slapshot by Dan Boyle.
17:37 of 1st period - Shot Misses the Net.
18:02 of 1st period - Torey Krug is hit by Jordan Staal and loses puck.
18:24 of 1st period - Off-side.
18:25 of 1st period - Marc Savard wins face-off versus Rob Schremp in neutral zone.
18:29 of 1st period - Off-side.
18:30 of 1st period - Patrick Sharp wins face-off versus Rob Schremp in neutral zone.
18:53 of 1st period - Rob Schremp is hit by Marek Svatos and loses puck.
19:02 of 1st period - Slapshot by Marek Svatos.
19:02 of 1st period - Stopped by Alex Stalock without a rebound.
19:03 of 1st period - Dustin Boyd wins face-off versus Jordan Staal in Maple Leafs zone.
19:25 of 1st period - Minor Penalty to Marc-Édouard Vlasic for Hooking.
19:26 of 1st period - Marc Savard wins face-off versus Jordan Staal in Maple Leafs zone.
19:43 of 1st period - Backhand shot by Jordan Staal.
19:43 of 1st period - Stopped by Jonathan Bernier without a rebound.
19:44 of 1st period - Jordan Staal wins face-off versus Dustin Boyd in Canadiens zone.
Goals for this period are 0 for Canadiens vs 1 for Maple Leafs.
Shots for this period are 10 for Canadiens vs 7 for Maple Leafs.
2nd period
0:01 of 2nd period - Marc Savard wins face-off versus Jordan Staal in neutral zone.
0:06 of 2nd period - Slapshot by Marek Svatos.
0:06 of 2nd period - Shot Blocked by Braydon Coburn.
0:08 of 2nd period - Snap shot by Dennis Wideman.
0:08 of 2nd period - Shot Misses the Net.
0:10 of 2nd period - Slapshot by Marek Svatos.
0:10 of 2nd period - Deflect By Patrick Sharp.
0:10 of 2nd period - Shot Misses the Net.
0:10 of 2nd period - Puck is out of play.
0:11 of 2nd period - Marc Savard wins face-off versus Jordan Staal in Maple Leafs zone.
0:14 of 2nd period - Snap shot by Marc Savard.
0:14 of 2nd period - Deflect By Tobias Enstrom.
0:14 of 2nd period - Shot Misses the Net.
0:14 of 2nd period - Puck is out of play.
0:15 of 2nd period - Jordan Staal wins face-off versus Marc Savard in Maple Leafs zone.
0:29 of 2nd period - Slapshot by Marc Savard.
0:29 of 2nd period - Stopped by Alex Stalock with a rebound.
0:31 of 2nd period - Snap shot by Marek Svatos.
0:31 of 2nd period - Shot Misses the Net.
1:12 of 2nd period - Icing by Patrick Sharp.
1:13 of 2nd period - Marc Savard wins face-off versus Rob Schremp in Canadiens zone.
1:13 of 2nd period - Marc Savard is hit by Tobias Enstrom.
1:25 of 2nd period - Penalty to Marc-Édouard Vlasic is over, Marc-Édouard Vlasic is back on ice.
1:43 of 2nd period - Snap shot by Blake Comeau.
1:43 of 2nd period - Shot Blocked by Greg Stewart.
1:57 of 2nd period - Michael Grabner is hit by Dustin Boyd and loses puck.
2:02 of 2nd period - Snap shot by Dustin Boyd.
2:02 of 2nd period - Stopped by Alex Stalock without a rebound.
2:03 of 2nd period - Jordan Staal wins face-off versus Dustin Boyd in Maple Leafs zone.
2:35 of 2nd period - Marek Svatos is hit by Fabian Brunnstrom and loses puck.
2:46 of 2nd period - Minor Penalty to Dan Boyle for Interference.
2:47 of 2nd period - Jordan Staal wins face-off versus Patrick Sharp in Canadiens zone.
2:56 of 2nd period - Wrist shot by Claude Giroux.
2:56 of 2nd period - Shot Misses the Net.
2:58 of 2nd period - Backhand shot by Braydon Coburn.
2:58 of 2nd period - Shot Misses the Net.
3:18 of 2nd period - Slapshot by Braydon Coburn.
3:18 of 2nd period - Shot Blocked by Marc Savard.
3:20 of 2nd period - Wrist shot by Colby Armstrong.
3:20 of 2nd period - Deflect By Rob Schremp.
3:20 of 2nd period - Shot Misses the Net.
3:20 of 2nd period - Puck is out of play.
3:21 of 2nd period - Patrick Sharp wins face-off versus Jordan Staal in Canadiens zone.
3:21 of 2nd period - Patrick Sharp is hit by Alexander Frolov.
3:55 of 2nd period - Slapshot by Marc-Édouard Vlasic.
3:55 of 2nd period - Deflect By Colby Armstrong.
3:55 of 2nd period - Shot Blocked by Jiri Fischer.
3:55 of 2nd period - Puck is out of play.
3:56 of 2nd period - Jordan Staal wins face-off versus Patrick Sharp in Canadiens zone.
3:57 of 2nd period - Slapshot by Claude Giroux.
3:57 of 2nd period - Stopped by Jonathan Bernier with a rebound.
4:46 of 2nd period - Penalty to Dan Boyle is over, Dan Boyle is back on ice.
5:02 of 2nd period - Snap shot by Blake Comeau.
5:02 of 2nd period - Stopped by Jonathan Bernier without a rebound.
5:03 of 2nd period - Martin Hanzal wins face-off versus Rob Schremp in Canadiens zone.
5:14 of 2nd period - Snap shot by Jonas Hoglund.
5:14 of 2nd period - Deflect By Marc-Édouard Vlasic.
5:14 of 2nd period - Stopped by Alex Stalock with a rebound.
5:16 of 2nd period - Snap shot by Jonas Hoglund.
5:16 of 2nd period - Shot Blocked by Jamie McBain.
5:18 of 2nd period - Slapshot by Dan Boyle.
5:18 of 2nd period - Stopped by Alex Stalock without a rebound.
5:19 of 2nd period - Marc Savard wins face-off versus Jordan Staal in Maple Leafs zone.
5:20 of 2nd period - Backhand shot by Marek Svatos.
5:20 of 2nd period - Stopped by Alex Stalock with a rebound.
5:42 of 2nd period - Minor Penalty to Dennis Wideman for Interference.
5:43 of 2nd period - Jordan Staal wins face-off versus Patrick Sharp in Canadiens zone.
5:44 of 2nd period - Snap shot by Claude Giroux.
5:44 of 2nd period - Stopped by Jonathan Bernier with a rebound.
5:46 of 2nd period - Slapshot by Tobias Enstrom.
5:46 of 2nd period - Shot Blocked by Torey Krug.
5:48 of 2nd period - Slapshot by Tobias Enstrom.
5:48 of 2nd period - Shot Blocked by Torey Krug.
5:50 of 2nd period - Backhand shot by Tobias Enstrom.
5:50 of 2nd period - Deflect By Alexander Frolov.
5:50 of 2nd period - Shot Blocked by Dan Boyle.
5:50 of 2nd period - Puck is out of play.
5:51 of 2nd period - Patrick Sharp wins face-off versus Jordan Staal in Canadiens zone.
6:12 of 2nd period - Torey Krug is hit by Jordan Staal.
7:16 of 2nd period - Fabian Brunnstrom is hit by Dan Boyle and loses puck.
7:42 of 2nd period - Penalty to Dennis Wideman is over, Dennis Wideman is back on ice.
8:14 of 2nd period - Snap shot by Zac Dalpe.
8:14 of 2nd period - Stopped by Jonathan Bernier with a rebound.
8:16 of 2nd period - Slapshot by Colby Armstrong.
8:16 of 2nd period - Deflect By Zac Dalpe.
8:16 of 2nd period - Shot Blocked by Jonas Hoglund.
8:16 of 2nd period - Puck is out of play.
8:17 of 2nd period - Martin Hanzal wins face-off versus Rob Schremp in Canadiens zone.
8:22 of 2nd period - Backhand shot by Ladislav Smid.
8:22 of 2nd period - Shot Blocked by Michael Grabner.
8:49 of 2nd period - Wrist shot by Marek Svatos.
8:49 of 2nd period - Stopped by Alex Stalock without a rebound.
8:50 of 2nd period - Ryan Carter wins face-off versus Marek Svatos in Maple Leafs zone.
9:21 of 2nd period - Snap shot by Claude Giroux.
9:21 of 2nd period - Shot Misses the Net.
9:41 of 2nd period - Rene Bourque is hit by Braydon Coburn and loses puck.
10:14 of 2nd period - Slapshot by Eric Nystrom.
10:14 of 2nd period - Stopped by Jonathan Bernier with a rebound.
10:16 of 2nd period - Slapshot by Braydon Coburn.
10:16 of 2nd period - Shot Misses the Net.
10:34 of 2nd period - Wrist shot by Alexander Frolov.
10:34 of 2nd period - Shot Blocked by Jiri Fischer.
11:09 of 2nd period - Slapshot by Fabian Brunnstrom.
11:09 of 2nd period - Shot Misses the Net.
11:46 of 2nd period - Slapshot by Drew Miller.
11:46 of 2nd period - Shot Blocked by Alexander Frolov.
11:48 of 2nd period - Wrist shot by Dan Boyle.
11:48 of 2nd period - Deflect By Dustin Boyd.
11:48 of 2nd period - Shot Hit the Post.
11:48 of 2nd period - Puck is out of play.
11:49 of 2nd period - Dustin Boyd wins face-off versus Rob Schremp in Maple Leafs zone.
12:43 of 2nd period - Claude Giroux is hit by Greg Stewart and loses puck.
13:29 of 2nd period - Snap shot by Fabian Brunnstrom.
13:29 of 2nd period - Shot Misses the Net.
14:00 of 2nd period - Snap shot by Greg Stewart.
14:00 of 2nd period - Deflect By Jamie McBain.
14:00 of 2nd period - Stopped by Alex Stalock without a rebound.
14:01 of 2nd period - Jordan Staal wins face-off versus Andrei Loktionov in Maple Leafs zone.
14:35 of 2nd period - Wrist shot by Claude Giroux.
14:35 of 2nd period - Stopped by Jonathan Bernier with a rebound.
14:46 of 2nd period - Wrist shot by Jordan Staal.
14:46 of 2nd period - Shot Blocked by Dan Boyle.
14:48 of 2nd period - Slapshot by Claude Giroux.
14:48 of 2nd period - Shot Misses the Net.
14:50 of 2nd period - Slapshot by Tobias Enstrom.
14:50 of 2nd period - Shot Blocked by Dennis Wideman.
15:06 of 2nd period - Snap shot by Greg Stewart.
15:06 of 2nd period - Stopped by Alex Stalock without a rebound.
15:07 of 2nd period - Marc Savard wins face-off versus Rob Schremp in Maple Leafs zone.
15:10 of 2nd period - Slapshot by Marc Savard.
15:10 of 2nd period - Shot Misses the Net.
15:12 of 2nd period - Snap shot by Patrick Sharp.
15:12 of 2nd period - Stopped by Alex Stalock with a rebound.
15:14 of 2nd period - Wrist shot by Ladislav Smid.
15:14 of 2nd period - Shot Blocked by Braydon Coburn.
15:16 of 2nd period - Slapshot by Ladislav Smid.
15:16 of 2nd period - Shot Blocked by Braydon Coburn.
15:24 of 2nd period - Snap shot by Marek Svatos.
15:24 of 2nd period - Stopped by Alex Stalock with a rebound.
15:31 of 2nd period - Icing by Braydon Coburn.
15:32 of 2nd period - Dustin Boyd wins face-off versus Rob Schremp in Maple Leafs zone.
15:35 of 2nd period - Slapshot by Drew Miller.
15:35 of 2nd period - Stopped by Alex Stalock without a rebound.
15:36 of 2nd period - Zac Dalpe wins face-off versus Devin Setoguchi in Maple Leafs zone.
16:33 of 2nd period - Wrist shot by Jordan Staal.
16:33 of 2nd period - Shot Blocked by Evgeny Dadonov.
17:15 of 2nd period - Off-side.
17:16 of 2nd period - Jordan Staal wins face-off versus Marc Savard in neutral zone.
17:23 of 2nd period - Slapshot by Claude Giroux.
17:23 of 2nd period - Stopped by Jonathan Bernier with a rebound.
17:51 of 2nd period - Slapshot by Fabian Brunnstrom.
17:51 of 2nd period - Stopped by Jonathan Bernier without a rebound.
17:52 of 2nd period - Jordan Staal wins face-off versus Dustin Boyd in Canadiens zone.
17:59 of 2nd period - Wrist shot by Jordan Staal.
17:59 of 2nd period - Shot Blocked by Drew Miller.
18:43 of 2nd period - Slapshot by Justin Schultz.
18:43 of 2nd period - Stopped by Jonathan Bernier with a rebound.
19:09 of 2nd period - Wrist shot by Jordan Staal.
19:09 of 2nd period - Shot Misses the Net.
19:35 of 2nd period - Minor Penalty to Fabian Brunnstrom for Hooking.
19:36 of 2nd period - Marc Savard wins face-off versus Jordan Staal in Maple Leafs zone.
19:37 of 2nd period - Wrist shot by Marek Svatos.
19:37 of 2nd period - Stopped by Alex Stalock with a rebound.
19:39 of 2nd period - Snap shot by Dennis Wideman.
19:39 of 2nd period - Deflect By Marek Svatos.
19:39 of 2nd period - Shot Blocked by Jordan Staal.
19:39 of 2nd period - Puck is out of play.
19:40 of 2nd period - Jordan Staal wins face-off versus Marc Savard in Maple Leafs zone.
19:46 of 2nd period - Minor Penalty to Marek Svatos for Holding.
19:47 of 2nd period - Jordan Staal wins face-off versus Marc Savard in Canadiens zone.
19:57 of 2nd period - Snap shot by Jordan Staal.
19:57 of 2nd period - Shot Blocked by Patrick Sharp.
19:59 of 2nd period - Snap shot by Braydon Coburn.
19:59 of 2nd period - Shot Blocked by Dan Boyle.
Goals for this period are 0 for Canadiens vs 0 for Maple Leafs.
Shots for this period are 12 for Canadiens vs 9 for Maple Leafs.
3rd period
0:01 of 3rd period - Jordan Staal wins face-off versus Patrick Sharp in neutral zone.
0:06 of 3rd period - Snap shot by Jordan Staal.
0:06 of 3rd period - Shot Blocked by Patrick Sharp.
0:08 of 3rd period - Slapshot by Braydon Coburn.
0:08 of 3rd period - Deflect By Jordan Staal.
0:08 of 3rd period - Shot Blocked by Dennis Wideman.
0:08 of 3rd period - Puck is out of play.
0:09 of 3rd period - Patrick Sharp wins face-off versus Jordan Staal in Canadiens zone.
0:52 of 3rd period - Braydon Coburn is hit by Patrick Sharp and loses puck.
0:57 of 3rd period - Slapshot by Patrick Sharp.
0:57 of 3rd period - Shot Misses the Net.
0:59 of 3rd period - Snap shot by Marc Savard.
0:59 of 3rd period - Stopped by Alex Stalock without a rebound.
1:00 of 3rd period - Rob Schremp wins face-off versus Rene Bourque in Maple Leafs zone.
1:02 of 3rd period - Icing by Alexander Frolov.
1:03 of 3rd period - Rene Bourque wins face-off versus Rob Schremp in Maple Leafs zone.
1:12 of 3rd period - Slapshot by Alexander Frolov.
1:12 of 3rd period - Shot Misses the Net.
1:14 of 3rd period - Snap shot by Alexander Frolov.
1:14 of 3rd period - Deflect By Rob Schremp.
1:14 of 3rd period - Goal by Rob Schremp - Canadiens : 0 - Maple Leafs : 2.
1:15 of 3rd period - Patrick Sharp wins face-off versus Jordan Staal in neutral zone.
1:32 of 3rd period - Wrist shot by Jordan Staal.
1:32 of 3rd period - Goal by Jordan Staal - Canadiens : 0 - Maple Leafs : 3.
1:33 of 3rd period - Patrick Sharp wins face-off versus Jordan Staal in neutral zone.
1:35 of 3rd period - Penalty to Fabian Brunnstrom is over, Fabian Brunnstrom is back on ice.
1:46 of 3rd period - Penalty to Marek Svatos is over, Marek Svatos is back on ice.
2:32 of 3rd period - Slapshot by Marc Savard.
2:32 of 3rd period - Stopped by Alex Stalock with a rebound.
2:34 of 3rd period - Slapshot by Dennis Wideman.
2:34 of 3rd period - Goal by Dennis Wideman - Canadiens : 1 - Maple Leafs : 3.
2:35 of 3rd period - Zac Dalpe wins face-off versus Dustin Boyd in neutral zone.
2:50 of 3rd period - Wrist shot by Dustin Boyd.
2:50 of 3rd period - Stopped by Alex Stalock with a rebound.
3:36 of 3rd period - Backhand shot by Martin Hanzal.
3:36 of 3rd period - Stopped by Alex Stalock with a rebound.
4:13 of 3rd period - Icing by Dan Boyle.
4:14 of 3rd period - Zac Dalpe wins face-off versus Marc Savard in Canadiens zone.
4:23 of 3rd period - Minor Penalty to Dan Boyle for Roughing.
4:24 of 3rd period - Jordan Staal wins face-off versus Patrick Sharp in Canadiens zone.
5:03 of 3rd period - Snap shot by Fabian Brunnstrom.
5:03 of 3rd period - Stopped by Jonathan Bernier with a rebound.
5:05 of 3rd period - Slapshot by Tobias Enstrom.
5:05 of 3rd period - Stopped by Jonathan Bernier with a rebound.
6:22 of 3rd period - Ladislav Smid is hit by Taylor Chorney and loses puck.
6:23 of 3rd period - Penalty to Dan Boyle is over, Dan Boyle is back on ice.
6:45 of 3rd period - Slapshot by Dan Boyle.
6:45 of 3rd period - Goal by Dan Boyle - Canadiens : 2 - Maple Leafs : 3.
6:46 of 3rd period - Dustin Boyd wins face-off versus Jordan Staal in neutral zone.
6:49 of 3rd period - Slapshot by Dennis Wideman.
6:49 of 3rd period - Stopped by Alex Stalock without a rebound.
6:50 of 3rd period - Dustin Boyd wins face-off versus Jordan Staal in Maple Leafs zone.
6:51 of 3rd period - Snap shot by Drew Miller.
6:51 of 3rd period - Stopped by Alex Stalock with a rebound.
7:07 of 3rd period - Wrist shot by Jordan Staal.
7:07 of 3rd period - Stopped by Jonathan Bernier without a rebound.
7:08 of 3rd period - Marc Savard wins face-off versus Fabian Brunnstrom in Canadiens zone.
7:47 of 3rd period - Minor Penalty to Dustin Boyd for Hooking.
7:48 of 3rd period - Jordan Staal wins face-off versus Patrick Sharp in Canadiens zone.
8:04 of 3rd period - Snap shot by Jordan Staal.
8:04 of 3rd period - Stopped by Jonathan Bernier with a rebound.
8:24 of 3rd period - Snap shot by Colby Armstrong.
8:24 of 3rd period - Shot Misses the Net.
8:40 of 3rd period - Ladislav Smid is hit by Alexander Frolov and loses puck.
9:47 of 3rd period - Penalty to Dustin Boyd is over, Dustin Boyd is back on ice.
10:39 of 3rd period - Martin Hanzal is hit by Tobias Enstrom and loses puck.
11:26 of 3rd period - Ryan Carter is hit by Dustin Boyd and loses puck.
11:39 of 3rd period - Jonas Hoglund is hit by Rob Schremp and loses puck.
12:46 of 3rd period - Snap shot by Marc Savard.
12:46 of 3rd period - Shot Misses the Net.
12:48 of 3rd period - Snap shot by Patrick Sharp.
12:48 of 3rd period - Stopped by Alex Stalock with a rebound.
13:24 of 3rd period - Slapshot by Evgeny Dadonov.
13:24 of 3rd period - Goal by Evgeny Dadonov - Canadiens : 3 - Maple Leafs : 3.
13:25 of 3rd period - Jordan Staal wins face-off versus Marc Savard in neutral zone.
14:00 of 3rd period - Off-side.
14:01 of 3rd period - Marc Savard wins face-off versus Fabian Brunnstrom in neutral zone.
14:08 of 3rd period - Snap shot by Patrick Sharp.
14:08 of 3rd period - Stopped by Alex Stalock with a rebound.
14:14 of 3rd period - Snap shot by Tobias Enstrom.
14:14 of 3rd period - Deflect By Rob Schremp.
14:14 of 3rd period - Shot Misses the Net.
14:14 of 3rd period - Puck is out of play.
14:15 of 3rd period - Marc Savard wins face-off versus Jordan Staal in Canadiens zone.
14:15 of 3rd period - Marc Savard is hit by Tobias Enstrom.
14:24 of 3rd period - Minor Penalty to Tobias Enstrom for Close Hand On Puck.
14:25 of 3rd period - Marc Savard wins face-off versus Jordan Staal in Maple Leafs zone.
15:25 of 3rd period - Slapshot by Alexander Frolov.
15:25 of 3rd period - Stopped by Jonathan Bernier without a rebound.
15:26 of 3rd period - Rob Schremp wins face-off versus Dustin Boyd in Canadiens zone.
15:29 of 3rd period - Slapshot by Rob Schremp.
15:29 of 3rd period - Shot Misses the Net.
16:24 of 3rd period - Penalty to Tobias Enstrom is over, Tobias Enstrom is back on ice.
16:34 of 3rd period - Snap shot by Colby Armstrong.
16:34 of 3rd period - Shot Blocked by Ladislav Smid.
16:40 of 3rd period - Snap shot by Colby Armstrong.
16:40 of 3rd period - Stopped by Jonathan Bernier without a rebound.
16:41 of 3rd period - Andrei Loktionov wins face-off versus Rob Schremp in Canadiens zone.
17:15 of 3rd period - Snap shot by Justin Schultz.
17:15 of 3rd period - Deflect By Colby Armstrong.
17:15 of 3rd period - Shot Misses the Net.
17:15 of 3rd period - Puck is out of play.
17:16 of 3rd period - Zac Dalpe wins face-off versus Marc Savard in Canadiens zone.
17:41 of 3rd period - Jordan Staal is hit by Andrei Loktionov and loses puck.
17:50 of 3rd period - Snap shot by Andrei Loktionov.
17:50 of 3rd period - Stopped by Alex Stalock without a rebound.
17:51 of 3rd period - Zac Dalpe wins face-off versus Marc Savard in Maple Leafs zone.
18:25 of 3rd period - Snap shot by Alexander Frolov.
18:25 of 3rd period - Stopped by Jonathan Bernier without a rebound.
18:26 of 3rd period - Zac Dalpe wins face-off versus Andrei Loktionov in Canadiens zone.
18:30 of 3rd period - Icing by Andrei Loktionov.
18:31 of 3rd period - Andrei Loktionov wins face-off versus Zac Dalpe in Canadiens zone.
18:36 of 3rd period - Wrist shot by Dan Boyle.
18:36 of 3rd period - Stopped by Alex Stalock with a rebound.
18:38 of 3rd period - Slapshot by Dan Boyle.
18:38 of 3rd period - Shot Misses the Net.
18:56 of 3rd period - Slapshot by Jamie McBain.
18:56 of 3rd period - Stopped by Jonathan Bernier without a rebound.
18:57 of 3rd period - Marc Savard wins face-off versus Jordan Staal in Canadiens zone.
19:50 of 3rd period - Snap shot by Michael Grabner.
19:50 of 3rd period - Goal by Michael Grabner - Canadiens : 3 - Maple Leafs : 4.
19:51 of 3rd period - Marc Savard wins face-off versus Alexander Frolov in neutral zone.
19:58 of 3rd period - Snap shot by Jordan Staal.
19:58 of 3rd period - Shot Blocked by Marek Svatos.
Goals for this period are 3 for Canadiens vs 3 for Maple Leafs.
Shots for this period are 13 for Canadiens vs 11 for Maple Leafs.
Back to the Top